[Event "*** Titled Tuesday Blitz"]
[Site "Chess.com"]
[Date "2021.03.30"]
[Round "3"]
[White "2nd_life"]
[Black "AlexSuv"]
[Result "1/2-1/2"]
[WhiteElo "2400"]
[BlackElo "2567"]
[TimeControl "180+1"]
[EndTime "10:29:42 PDT"]
[Termination "Game drawn by agreement"]

1. e4 c5 2. Nf3 e6 3. c3 Nf6 4. e5 Nd5 5. d4 cxd4 6. cxd4 d6 7. Bc4 Be7 8. O-O O-O 9. Qe2 b6 10. Bxd5 exd5 11. Re1 Bg4 12. h3 Bh5 13. Nc3 Nc6 14. g4 Bg6 15. Nxd5 dxe5 16. Nxe7+ Qxe7 17. dxe5 Nb4 18.
Bg5 Qb7 19. Rad1 Rac8 20. e6 fxe6 21. Ne5 Bc2 22. Rd7 Rc7 23. Rxc7 Qxc7 24. Rc1 Qd6 25. a3 Nd3 26. Nxd3 Bxd3 27. Qe3 e5 28. Rd1 e4 29. Qxe4 Qh2+ 30. Kxh2 Bxe4 31. Be3 Bc6 32. Rd6 Ba4 33. Kg3 h6 34. Bd4 Rf7 35. Bc3 Rd7 36.
Re6 Rf7 37. f4 Bb3 38. Rc6 Bd5 39. Rd6 Bb7 40. f5 Re7 41. Bd4 Rc7 42. h4 Bc8 43. Rd8+ Kf7 44. g5 hxg5 45. hxg5 Bxf5 46. Kf4 Bg6 47. Ke5 Re7+ 48. Kd5 Be4+ 49. Kd6 Re6+ 50. Kc7 Re7+ 51. Rd7 Rxd7+ 52. Kxd7 Kg6 53. Kc7 b5 54.
Kb8 a5 55. Ka7 a4 56. Kb6 Bd3 57. Kc5 Bc4 58. Kb4 Kf7 59. Be5 g6 60. Bd4 Ke6 61. Bf6 Kf5 62. Kc3 Ke4 63. Kb4 Kd3 64. Bg7 Ke4 1/2-1/2

[Event "*** Titled Tuesday Blitz"]
[Site "Chess.com"]
[Date "2021.03.30"]
[Round "3"]
[White "chigorin28"]
[Black "McCarthyStone"]
[Result "0-1"]
[WhiteElo "2590"]
[BlackElo "2426"]
[TimeControl "180+1"]
[EndTime "10:29:44 PDT"]
[Termination "McCarthyStone won on time"]

1. e4 d6 2. d4 Nf6 3. Nc3 Nc6 4. d5 Nb8 5. f3 g6 6. Be3 Bg7 7. Qd2 c6 8. O-O-O cxd5 9. Nxd5 Nxd5 10. exd5 h5 11.
Ne2 Nd7 12. Kb1 b5 13. Nd4 O-O 14. Nc6 Qe8 15. h4 Ne5 16. Nxe5 Bxe5 17. g4 hxg4 18. h5 f5 19. fxg4 f4 20. Bd4 Bxg4 21. hxg6 Bxd1 22. Bxe5 dxe5 23. Qxd1 Kg7 24. Rh7+ Kf6 25.
Qh5 Rh8 26. Qh4+ Kf5 27. Bh3+ Ke4 28. g7 Rxh7 29. Qxh7+ Kf3 30. Qd3+ Kf2 31. Qf1+ Ke3 32. Qg1+ Ke2 33. Bg4+ f3 34. Qg2+ Ke3 35. Qxf3+ Kd4 36.
Qf2+ Kxd5 37. Bf3+ e4 38. Qd2+ Ke6 39. Bg4+ Kf6 40.
Qf4+ Kxg7 41. Qe5+ Kh6 42. Qf4+ Kg7 43. Qxe4 Rd8 44.
Qe5+ Kh6 45. Qf4+ Kg7 46. b3 Qg6 47. Qe5+ Qf6 48. Qe2 Rd4 49. Bf3 b4 50. Qg2+ Kf7 51. Bd5+ e6 52. Bf3 Rf4 53. Bh5+ Ke7 54. Be2 Rf2 55.
Qb7+ Kf8 56. Qc8+ Kg7 57. Qb7+ Qf7 58. Qe4 Rf4 59. Qg2+ Kf6 60. a4 e5 61. Qc6+ Kf5 62.
Bd3+ Kg5 63. Qg2+ Rg4 64. Qd2+ Qf4 65. Qe2 Rg1+ 66. Ka2 Qd4 67. c3 Qg4 0-1

[Event "*** Titled Tuesday Blitz"]
[Site "Chess.com"]
[Date "2021.03.30"]
[Round "3"]
[White "Vuk2000"]
[Black "Pikachess999"]
[Result "1-0"]
[WhiteElo "2726"]
[BlackElo "2347"]
[TimeControl "180+1"]
[EndTime "10:29:44 PDT"]
[Termination "Vuk2000 won by resignation"]

1. d4 d5 2. Bf4 Nf6 3. e3 e6 4.
Nd2 c5 5. c3 Bd6 6. Bg3 O-O 7. Ngf3 Qc7 8. dxc5 Qxc5 9. Bd3 Nbd7 10. O-O e5 11. e4 dxe4 12. Bxe4 Qc7 13. Re1 Nc5 14. Bc2 Bg4 15. Nc4 Rad8 16. Nxd6 Rxd6 17. Bxe5 Rxd1 18. Bxc7 Rxa1 19. Rxa1 Bxf3 20. gxf3 Ne6 21. Be5 Nd5 22. Be4 Ndf4 23. Bxb7 Nd3 24. Bd6 Rd8 25.
Ba3 Nxb2 26. Rb1 Nc4 27. Be7 Rd7 28. Bd5 Rxe7 29. Rb8+ Nf8 30. Bxc4 Rc7 31. Rb4 g6 32. Kf1 Kg7 33. Ke2 Kf6 34. Kd2 Nd7 35. Bd5 Nb6 36.
Bb3 Kg5 37. a4 f5 38. a5 Nd7 39. Bd5 Nc5 40. c4 Kh4 41. Ke3 Kh3 42. f4 h6 43.
Kd4 g5 44. fxg5 hxg5 45. Rb1 g4 46. Ke5 Nd3+ 47. Kxf5 Nxf2 48. Ke6 Kxh2 49. Kd6 Rh7 50. c5 g3 51. c6 g2 52. Bxg2 Kxg2 53. c7 Ne4+ 54. Kc6 Rh6+ 55. Kd5 Nc3+ 56. Kc5 Rh8 57. Rc1 Ne4+ 58. Kd5 Nf6+ 59. Ke6 Ne4 60. c8=Q Rxc8 61. Rxc8 1-0

[Event "*** Titled Tuesday Blitz"]
[Site "Chess.com"]
[Date "2021.03.30"]
[Round "3"]
[White "xurramid77"]
[Black "davigator"]
[Result "1-0"]
[WhiteElo "2643"]
[BlackElo "2429"]
[TimeControl "180+1"]
[EndTime "10:29:46 PDT"]
[Termination "xurramid77 won on time"]

1. e4 c5 2. c3 Nf6 3. e5 Nd5 4. Bc4 e6 5. Nf3 Nc6 6. O-O Nb6 7. Bb3 d5 8. exd6 Bxd6 9. d4 cxd4 10. Nxd4 Nxd4 11.
Qxd4 O-O 12. Bc2 Bc7 13. Qe4 f5 14. Qe2 Qh4 15. g3 Qh3 16. Nd2 f4 17. Nf3 h6 18.
Qe4 Rf5 19. Nd4 fxg3 20. hxg3 Bxg3 21. Qg2 Bxf2+ 22. Rxf2 Qxg2+ 23. Rxg2 Rf6 24. Bd2 Nd5 25. Rf1 Rxf1+ 26. Kxf1 Kf7 27. Bg6+ Kf8 28. Rf2+ Kg8 29. Bf7+ Kh7 30. Nxe6 Bd7 31. Nf8+ Rxf8 32. Bxd5 Rxf2+ 33.
Kxf2 b6 34. Be3 g5 35. Be4+ Kg7 36. Bd4+ Kf7 37. c4 h5 38. b4 Be6 39. c5 bxc5 40.
bxc5 Bxa2 41. c6 Be6 42. c7 Bc8 43. Bxa7 Ke6 44. Bd4 Kd6 45. Bb6 Ke5 46. Bg6 h4 47. Bh5 Kf4 48. Be3+ Kf5 49. Be8 g4 50. Bc6 Ke5 51. Ba8 Kf5 52. Bd2 Ke5 53. Bg5 Kd6 54. Bf4+ Ke6 55. Ke3 Kf5 56. Bd6 Kg5 57. Kf2 Kf5 58.
Be7 h3 59. Kg3 Ke6 60. Bg5 Kd6 61. Bf4+ Ke7 62. Be4 Kf6 63. Bd3 Ke6 64. Bc2 Kf6 65.
Bd1 Ke7 66. Bxg4 h2 67. Bg5+ Kd6 68. Bf4+ Kc5 69. Bf3 1-0

[Event "*** Titled Tuesday Blitz"]
[Site "Chess.com"]
[Date "2021.03.30"]
[Round "3"]
[White "yoelpolanco"]
[Black "A-S-00"]
[Result "1-0"]
[WhiteElo "2246"]
[BlackElo "2363"]
[TimeControl "180+1"]
[EndTime "10:29:50 PDT"]
[Termination "yoelpolanco won on time"]

1. Nf3 d5 2. g3 Nf6 3. Bg2 c6 4. O-O g6 5. b3 Bg7 6. Bb2 O-O 7.
d3 Nbd7 8. Nbd2 Re8 9. c4 e5 10.
cxd5 cxd5 11. e4 dxe4 12. Nxe4 Qe7 13. Qe2 Nd5 14. Rfe1 f5 15. Nc3 N5b6 16. Rad1 Qf7 17. Nd2 Kh8 18. Nc4 Nxc4 19. dxc4 Nb6 20. Nd5 e4 21.
Bxg7+ Qxg7 22. Nxb6 axb6 23. Rd6 Be6 24. Rxb6 Rad8 25.
Rd1 Qc7 26. Rxd8 Qxd8 27. Rb5 Re7 28. h4 Rd7 29. Qb2+ Kg8 30. Qe5 Bf7 31. h5 Rd1+ 32. Kh2 Qd6 33. hxg6 hxg6 34. Qxd6 Rxd6 35. Rxb7 Rd2 36.
Kg1 Rd1+ 37. Bf1 g5 38. Kg2 Bh5 39. Rb8+ Kg7 40. Rb7+ Kf6 41. Rb6+ Ke7 42. f3 Bxf3+ 43. Kf2 Rd2+ 44. Ke3 Rxa2 45. Rb5 Ke6 46. c5 Ra1 47. Bc4+ Kd7 48. c6+ Kxc6 49. Rxf5 Re1+ 50. Kf2 Ra1 51. Rxg5 Ra2+ 52. Ke3 Rg2 53. Bd5+ Kd6 54. Bxe4 Bxe4 55.
Kxe4 Ke6 56. Rg6+ Kf7 57. Rg4 Rb2 58. Rf4+ Kg6 59. Rf3 Kg5 60. Kd4 Kg4 61. Rd3 Kf5 62.
Kc3 Rb1 63. b4 Ra1 64. Kb2 Ra7 65. Kb3 Rg7 66. Rc3 Ke5 67. b5 Kd6 68. Kb4 Rg4+ 69.
Ka5 Rg8 70. b6 Ra8+ 71. Kb5 Ra1 72. Rd3+ Ke7 73. Kc6 Rc1+ 74. Kb7 1-0

[Event "*** Titled Tuesday Blitz"]
[Site "Chess.com"]
[Date "2021.03.30"]
[Round "3"]
[White "Gabix_94"]
[Black "Gentlejimmy7"]
[Result "0-1"]
[WhiteElo "2778"]
[BlackElo "2489"]
[TimeControl "180+1"]
[EndTime "10:29:52 PDT"]
[Termination "Gentlejimmy7 won on time"]

1. d4 Nf6 2. c4 g6 3. Nc3 d5 4. cxd5 Nxd5 5. e4 Nxc3 6. bxc3 Bg7 7. Bc4 O-O 8. Ne2 c5 9. Be3 Nc6 10. h4 Qa5 11. O-O Rd8 12. Rb1 b6 13. h5 cxd4 14.
cxd4 Qxh5 15. Rb5 e5 16. Qb3 Na5 17. Bxf7+ Kh8 18. Rxa5 bxa5 19. Ng3 Qh4 20. dxe5 Bxe5 21. Bd5 Rb8 22. Qa3 Bb7 23. Bxa7 Ra8 24. Bb6 Rxd5 25. exd5 Bxd5 26. Re1 Bg7 27. Qd6 Qb4 28. Qxb4 axb4 29. Bc5 Bc3 30. Rb1 Bxa2 31. Bxb4 Bxb1 32. Bxc3+ Kg8 33.
f3 Bf5 34. Ne2 Ra2 35. Nd4 Kf7 36. Kh2 Be6 37. Kg3 Ra3 38. Nb5 Rb3 39. Nd6+ Ke7 40.
Ne4 Bf5 41. Bf6+ Kf7 42. Nc5 Rb5 43. Bd4 Bc8 44. Bf2 Rb2 45. Nd3 Rd2 46. Ne5+ Ke6 47.
Nc4 Rc2 48. Ne3 Ra2 49. Ng4 Ba6 50. Bd4 Bf1 51. Ne3 Bd3 52. Kf4 h5 53. Kg3 Kf7 54. Be5 g5 55. f4 h4+ 56. Kg4 gxf4 57. Bxf4 Be4 58. Kxh4 Bxg2 59. Bg3 Be4 60. Kg4 Ra4 61. Kg5 Ke6 62. Bf4 Ra5+ 63. Kg4 Ra4 64. Kg3 Bd3 65. Kf3 Ra2 66. Kg3 Be2 67. Bg5 Bh5 68. Bf4 Ra8 69. Kh4 Be2 70. Kg3 Rg8+ 71. Kf2 Bh5 72. Nc2 Bg6 73. Nd4+ Kd5 74. Nf3 Ke4 75.
Bg3 Rf8 0-1

[Event "*** Titled Tuesday Blitz"]
[Site "Chess.com"]
[Date "2021.03.30"]
[Round "3"]
[White "SanchezKelvin"]
[Black "Twitch_ElhamBlitz05"]
[Result "0-1"]
[WhiteElo "2631"]
[BlackElo "2881"]
[TimeControl "180+1"]
[EndTime "10:29:56 PDT"]
[Termination "Twitch_ElhamBlitz05 won by resignation"]

1. d4 Nf6 2. c4 e6 3. Nf3 c5 4.
Nc3 cxd4 5. Nxd4 Nc6 6. g3 d5 7. Bg2 Be7 8. cxd5 exd5 9. O-O O-O 10. Bg5 h6 11. Be3 Re8 12. Rc1 Ng4 13. Nxc6 bxc6 14. Bd4 Rb8 15. h3 Nf6 16. b3 Qa5 17. Na4 Bd7 18. Bc5 Bxc5 19. Rxc5 Qd8 20. e3 Ne4 21. Rc2 Qf6 22. Qa1 Qg6 23. Rfc1 Ng5 24. h4 Ne4 25.
Qd4 a5 26. Nc5 Rb4 27. Qd3 Nxc5 28. Qxg6 fxg6 29. Rxc5 a4 30. bxa4 Rxa4 31. R1c2 Rea8 32. e4 dxe4 33. Rd2 Be8 34. Re2 Rxa2 35. Rxa2 Rxa2 36.
Bxe4 Ra6 37. Kg2 Kf8 38. g4 Ke7 39. Bd3 Ra4 40. Be2 Kd6 41. Rc3 Bf7 42. Rd3+ Bd5+ 43. Bf3 Rxg4+ 44. Kh3 Rf4 45. Bxd5 cxd5 46. Kg3 Rf5 47.
Ra3 g5 48. h5 Rf7 49. Ra6+ Ke5 50. f3 Kd4 51. Kf2 Kc4 52. Ke3 d4+ 53. Ke2 d3+ 54. Ke3 Re7+ 55. Kd2 Re2+ 56. Kd1 Rh2 57. Rc6+ Kd4 58. Re6 Rxh5 59. Re7 Rh1+ 60. Kd2 Rh2+ 61. Kd1 h5 62. Rxg7 Ke3 63. Re7+ Kxf3 64. Re5 g4 65.
Rf5+ Ke4 66. Rf7 g3 67. Rg7 h4 68. Re7+ Kf3 69. Rg7 Re2 0-1

[Event "*** Titled Tuesday Blitz"]
[Site "Chess.com"]
[Date "2021.03.30"]
[Round "3"]
[White "GMRafpig"]
[Black "CM_rui"]
[Result "1/2-1/2"]
[WhiteElo "2599"]
[BlackElo "2424"]
[TimeControl "180+1"]
[EndTime "10:29:56 PDT"]
[Termination "Game drawn by repetition"]

1. c4 Nf6 2. Nc3 e6 3. e4 d5 4. e5 d4 5. exf6 dxc3 6. bxc3 Qxf6 7. Nf3 c5 8. d4 cxd4 9. cxd4 Bb4+ 10. Bd2 Bxd2+ 11.
Qxd2 O-O 12. Be2 Nc6 13. O-O Rd8 14. d5 exd5 15. cxd5 Ne7 16. Bc4 b5 17. Bb3 Bb7 18. Qe2 a6 19. Rfe1 Nxd5 20. Rad1 h6 21. Qe5 Qxe5 22.
Nxe5 a5 23. a3 Rac8 24. f3 Rc3 25. Rb1 a4 26. Ba2 Rxa3 27. Rxb5 Rxa2 28. Rxb7 Nf4 29. Rxf7 Nd3 30. Nc6 Nxe1 31. Nxd8 Rd2 32. Re7 Nxf3+ 33. gxf3 Rxd8 34. Ra7 Rd4 35. Kf2 Kh7 36. Ke3 Rb4 37.
Ra6 Rb3+ 38. Kf2 a3 39. Kg3 g5 40. Kg4 Rb4+ 41. Kg3 Rb3 42. Kg4 Kg7 43. f4 Rb4 44.
Rxa3 Rxf4+ 45. Kg3 Kg6 46. h3 h5 47. Rb3 h4+ 48. Kg2 Kh5 49. Ra3 Rb4 50. Rc3 Rb2+ 51.
Kh1 Rf2 52. Kg1 Rd2 53. Kh1 Kg6 54. Rc5 Kf6 55. Ra5 Rf2 56. Kg1 Rf5 57. Ra4 Rf4 58. Ra5 Re4 59. Kg2 Re5 60. Ra8 Kf5 61. Rf8+ Ke4 62.
Rf1 Rf5 63. Re1+ Kf4 64. Rf1+ Ke5 65. Re1+ Kf6 66. Re4 Ra5 67. Rb4 Ra2+ 68. Kg1 Kf5 69. Rc4 Ke5 70. Rb4 Re2 71. Rc4 Re4 72. Rc5+ Kf4 73.
Kg2 Re2+ 74. Kg1 Ra2 75. Rb5 Kf3 76. Rb3+ Kf4 77. Rb4+ Kg3 78. Rb3+ Kf4 79. Rb4+ Kg3 80. Rb3+ Kf4 1/2-1/2

[Event "*** Titled Tuesday Blitz"]
[Site "Chess.com"]
[Date "2021.03.30"]
[Round "3"]
[White "jamalm2"]
[Black "rachidhuilda"]
[Result "0-1"]
[WhiteElo "1947"]
[BlackElo "2296"]
[TimeControl "180+1"]
[EndTime "10:29:56 PDT"]
[Termination "rachidhuilda won on time"]

1. e4 c5 2. Nf3 e6 3. g3 a6 4.
Bg2 b5 5. d3 Bb7 6. O-O Nc6 7. Nc3 d6 8. h3 Qc7 9. Be3 Nf6 10. Nh2 Be7 11. f4 O-O 12. Qd2 Nd4 13. Ne2 Nxe2+ 14. Qxe2 d5 15. e5 Nd7 16. g4 d4 17. Bd2 Rae8 18. Rf2 f6 19. exf6 Bxf6 20. g5 Bd8 21. Ng4 Bxg2 22. Rxg2 Nb6 23. Rf1 Nd5 24.
Qe4 Qb8 25. c4 bxc4 26. dxc4 Nb6 27. b3 Qa8 28. Qe5 Qc6 29. Nf6+ Bxf6 30. gxf6 g6 31. Qg5 Nd7 32. f5 Rxf6 33. fxe6 Rxf1+ 34. Kxf1 Qxe6 35. Kg1 Nf6 36. Qh6 Qf7 37. Rf2 Qg7 38. Qf4 Ne4 39. Re2 Qe5 40. Qxe5 Rxe5 41. Bf4 Re6 42. Kg2 Kf7 43.
Kf3 Nf6 44. Rxe6 Kxe6 45. Bc7 Nd7 46. Bd8 h5 47. h4 Nf6 48. Bxf6 Kxf6 49. Kf4 a5 50. a3 Ke6 51. Ke4 Kf7 52. Kf4 Ke6 53.
Ke4 Kd6 54. Kf4 Kc6 55. Ke4 Kb6 56. Kf4 a4 57. b4 cxb4 58. axb4 a3 59. Ke4 a2 60.
c5+ Kc6 61. Kxd4 a1=Q+ 62. Kc4 Qf6 63. b5+ Kc7 64. Kb4 Qf4+ 65. Ka5 Qd2+ 0-1

[Event "*** Titled Tuesday Blitz"]
[Site "Chess.com"]
[Date "2021.03.30"]
[Round "3"]
[White "Srisshhhtea"]
[Black "UKR_Master"]
[Result "0-1"]
[WhiteElo "2332"]
[BlackElo "2574"]
[TimeControl "180+1"]
[EndTime "10:29:57 PDT"]
[Termination "UKR_Master won on time"]

1. e4 c5 2. Nf3 d6 3. d3 g6 4. Be2 Bg7 5. O-O Nf6 6. c3 O-O 7. Nbd2 e5 8. Nc4 Nc6 9. Ne3 Be6 10. Ng5 Bd7 11. Nd5 Nxd5 12. exd5 Ne7 13. c4 Nf5 14. Ne4 Qc7 15. Bg4 a6 16. f4 exf4 17. Bxf4 Bd4+ 18. Kh1 Ne3 19. Bxe3 Bxg4 20. Qxg4 Bxe3 21. Qg3 Bd4 22.
Qxd6 Qa5 23. Nf6+ Kg7 24. Nd7 Rfe8 25. Qf4 f5 26. g4 Qd8 27. gxf5 Qxd7 28. f6+ Kh8 29.
f7 Rf8 30. Rae1 Kg7 31. d6 Qc6+ 32. Re4 Rad8 33. Rf3 Qxd6 34. Qg5 Rd7 35. Rh3 Rdxf7 36. Qh6+ Kg8 37. Re1 Rf1+ 38. Rxf1 Rxf1+ 39. Kg2 Rg1+ 40. Kf3 Qf8+ 41. Qxf8+ Kxf8 42. Rxh7 b5 43. cxb5 axb5 44. Rb7 b4 45. a3 Rb1 46. axb4 Rxb2 47. Rb8+ Ke7 48.
Rb7+ Kf6 49. b5 Kf5 50. b6 Rd2 51. Rf7+ Ke6 52. Rh7 Rxd3+ 53. Ke2 Rb3 54. b7 Be5 55. h4 Kf5 56. h5 gxh5 57. Rxh5+ Ke4 58. Rh4+ Bf4 59. Rh7 c4 60. Kd1 Be5 61. Rh4+ Kd5 62. Rh7 Rb2 63. Kc1 c3 64. Rd7+ Kc4 0-1

[Event "*** Titled Tuesday Blitz"]
[Site "Chess.com"]
[Date "2021.03.30"]
[Round "3"]
[White "Fablibi"]
[Black "amintabatabaei"]
[Result "1-0"]
[WhiteElo "2729"]
[BlackElo "3011"]
[TimeControl "180+1"]
[EndTime "10:29:58 PDT"]
[Termination "Fablibi won on time"]

1. e4 c5 2. Nf3 e6 3. d4 cxd4 4. Nxd4 Nc6 5. Nc3 Qc7 6. f4 a6 7. Nxc6 bxc6 8. Bd3 d5 9. O-O Nf6 10. Qe2 Bc5+ 11. Kh1 O-O 12. Bd2 a5 13. Rae1 Re8 14. e5 Nd7 15. Rf3 Nf8 16. Rg3 Be7 17. Rh3 g6 18.
Nd1 c5 19. c4 Bb7 20. Ne3 dxc4 21. Bxc4 Rad8 22. Ng4 Rd4 23. Be3 Rdd8 24. b3 h5 25.
Nf6+ Bxf6 26. exf6 Nh7 27. Bc1 Nxf6 28. Bb2 Ng4 29.
Qxg4 Rd2 30. Rg1 Rxb2 31. Rxh5 Qc6 32. Rh3 Rd8 33. Rg3 Rdd2 34. h4 Qe4 35. h5 Kg7 36.
hxg6 fxg6 37. Bxe6 Bd5 38. Bxd5 Rxd5 39. Rh3 Rf5 40. Qf3 Qxf3 41. Rxf3 Rxa2 42. Rc1 Rb2 43. Rcc3 Rh5+ 44. Kg1 Rd5 45. Rf2 Rd1+ 46. Rf1 Rdd2 47.
Rg3 Kf6 48. Rc1 Rdc2 49. Rc3 Rxc1+ 50. Rxc1 Rxb3 51. Rxc5 a4 52. Ra5 a3 53. Kh2 Rd3 54.
g3 Ke6 55. Kh3 Kd6 56. Kg4 Kc6 57. Kh4 Kb6 58. Ra8 Kb5 59. g4 Kb4 60. f5 gxf5 61. gxf5 Rd5 62. Rxa3 Kxa3 63. Kg5 Kb4 64. Kg6 Kc5 65.
f6 Kd6 66. f7 1-0

[Event "*** Titled Tuesday Blitz"]
[Site "Chess.com"]
[Date "2021.03.30"]
[Round "3"]
[White "Kostukov_Alex"]
[Black "BozeKat"]
[Result "1-0"]
[WhiteElo "2305"]
[BlackElo "2026"]
[TimeControl "180+1"]
[EndTime "10:29:58 PDT"]
[Termination "Kostukov_Alex won by checkmate"]

1. g3 Nf6 2. Bg2 e6 3. d3 d5 4. e4 c5 5. e5 Nfd7 6. Qe2 Qc7 7. Nf3 Be7 8. O-O O-O 9. c4 d4 10.
Bf4 Nc6 11. Na3 a6 12. Nc2 b5 13. b3 Bb7 14. Rfe1 bxc4 15. dxc4 a5 16. Red1 Nb4 17. Na3 d3 18. Qe3 Bc6 19. Ne1 Bxg2 20. Kxg2 Nc6 21.
Nxd3 Nd4 22. Qe4 Qc6 23. Qxc6 Nxc6 24. Nb5 Nb6 25. h4 Rfd8 26. Ne1 Nd4 27. Nxd4 cxd4 28. Nd3 Nd7 29. Rac1 Nc5 30. Kf3 Rac8 31. Nxc5 Bxc5 32. Ke4 Rd7 33. Rd3 Rcd8 34. Rcd1 f6 35. g4 Kf7 36.
Be3 fxe5 37. Kxe5 Bd6+ 38. Ke4 e5 39. Bg5 Re8 40. h5 Bb4 41. f4 exf4+ 42. Kxf4 Bc3 43. Kf3 h6 44. Bf4 Kf8 45. Kg3 Kg8 46. Rf3 Rde7 47. Rdd3 Re2 48. Bd6 R2e3 49. Rfxe3 Rxe3+ 50. Rxe3 dxe3 51. Kf3 Bd2 52. Bc5 Kf7 53. Bxe3 Bb4 54. Ke4 Ke6 55. Bd4 Be7 56. Bxg7 Bg5 57. Bd4 Kd6 58. a3 Kc6 59. b4 a4 60. b5+ Kb7 61. c5 Bc1 62.
c6+ Kc8 63. b6 Bxa3 64. b7+ Kd8 65. b8=Q+ Ke7 66. c7 Bd6 67. Be5 Bxc7 68. Qxc7+ Ke6 69. Qd6+ Kf7 70. Qf6+ Ke8 71. Bd6 Kd7 72. Bc5 Kc7 73. Qd6+ Kb7 74. Qb6+ Kc8 75. Qa7 Kd8 76. Bd6 Kc8 77.
Qc7# 1-0

[Event "*** Titled Tuesday Blitz"]
[Site "Chess.com"]
[Date "2021.03.30"]
[Round "3"]
[White "SaqoChess_Twitch"]
[Black "lukazz029"]
[Result "1/2-1/2"]
[WhiteElo "2486"]
[BlackElo "2169"]
[TimeControl "180+1"]
[EndTime "10:29:59 PDT"]
[Termination "Game drawn - insufficient material"]

1. d4 Nf6 2. e3 g6 3. Nf3 Bg7 4. Be2 O-O 5. O-O d6 6. Nbd2 Nfd7 7. b3 e5 8. Bb2 Nc6 9. dxe5 dxe5 10.
Qc1 f5 11. Bc4+ Kh8 12. Rd1 Qe8 13. Ng5 Nb6 14. Be2 h6 15. Ngf3 Be6 16. c4 Rd8 17.
Nb1 Rxd1+ 18. Qxd1 Qf7 19. Qc1 Rd8 20. Nbd2 e4 21.
Bxg7+ Qxg7 22. Ne1 Ne5 23. Qc2 g5 24. Rd1 Nbd7 25.
Nb1 Qf6 26. Nc3 c6 27. Qd2 Nf7 28. Qd4 c5 29. Qxf6+ Nxf6 30. Rxd8+ Nxd8 31. Nb5 Nc6 32. Nd6 Nd8 33. Nc2 Kg7 34. Na3 a6 35. f3 Kf8 36.
g4 exf3 37. Bxf3 Nxg4 38. Nxb7 Nxb7 39. Bxb7 a5 40. Nc2 a4 41. h3 axb3 42. axb3 Nf6 43. Kf2 Ke7 44. Na3 Nd7 45. Nb5 Ne5 46. Kg3 Nd3 47. Nc3 Nc1 48. Na4 Nxb3 49. Ba6 Nd2 50. Nxc5 Bxc4 51. Bc8 Bd5 52. Bxf5 Kf6 53. Bd3 Nb3 54.
Nd7+ Ke7 55. Nb6 Be6 56. Kf2 Nc5 57. Bc2 Bxh3 58. Nd5+ Kf7 59. Kg3 Be6 60. Nc3 Nd7 61.
Bd1 Nf6 62. e4 Nd7 63. Kf2 Ne5 64. Ke3 Kf6 65. Kd4 Bf7 66. Nb5 h5 67. Nd6 h4 68.
Nf5 h3 69. Ng3 g4 70. Ke3 Ng6 71. Bxg4 h2 72. Bf5 Kg5 73. Kf2 Nh4 74. Bh3 Kf4 75.
Bg2 Bg6 76. Ne2+ Ke5 77. Kg3 Nxg2 78. Kxg2 Bxe4+ 79. Kxh2 1/2-1/2

[Event "*** Titled Tuesday Blitz"]
[Site "Chess.com"]
[Date "2021.03.30"]
[Round "3"]
[White "LawrenceTrent"]
[Black "c_r_e_e_p_e_r"]
[Result "1-0"]
[WhiteElo "2561"]
[BlackElo "2380"]
[TimeControl "180+1"]
[EndTime "10:30:02 PDT"]
[Termination "LawrenceTrent won by checkmate"]

1. d3 g6 2. g3 Bg7 3. Bg2 e6 4. Nf3 Ne7 5. e4 O-O 6. h4 h6 7. Nbd2 d5 8. O-O Nd7 9. Re1 c5 10. c3 b6 11. Nf1 Qc7 12. exd5 Nxd5 13. Ne3 Bb7 14. Ng4 Kh7 15. Qd2 h5 16. Ng5+ Kg8 17. Nh2 Rad8 18. Qe2 Ne5 19. Bxd5 Rxd5 20. Bf4 Qc6 21.
Bxe5 Rxe5 22. Qf3 Qd7 23. Qf4 Rxe1+ 24. Rxe1 Qxd3 25. Nhf3 Qd5 26. Ne4 e5 27. Qg5 Kh7 28. Qe7 Kg8 29. c4 Qc6 30. Nxe5 Bxe5 31. Qxe5 f6 32.
Qe7 Rf7 33. Qd8+ Kg7 34. f3 Rd7 35. Qb8 Re7 36. Qd8 Qc7 37. Qxc7 Rxc7 38. Nd6 Bc6 39. Ne8+ Bxe8 40. Rxe8 Kf7 41. Re3 Rd7 42. Kf2 Rd2+ 43. Re2 Rd4 44. b3 Rd1 45. f4 Rd6 46. Kf3 Rd3+ 47.
Kf2 Rd4 48. Re3 Rd2+ 49. Re2 Rd3 50. Kg2 Rd4 51. Kf3 Rd3+ 52. Kg2 Rc3 53. Kf2 Rd3 54. Ke1 Rxg3 55. Rd2 Rf3 56. Rd7+ Ke6 57. Rxa7 Rxf4 58. Ra6 Rxh4 59. Rxb6+ Kf5 60. Rc6 Rh1+ 61. Kf2 Rh2+ 62. Kf3 Rxa2 63. Rxc5+ Ke6 64. b4 Rb2 65. b5 h4 66. Kg4 g5 67. Rc6+ Ke5 68. b6 Rg2+ 69. Kh3 Rg3+ 70. Kh2 Rc3 71. b7 Rc2+ 72. Kg1 Rb2 73.
Rc5+ Kd4 74. Rb5 Rxb5 75. cxb5 h3 76. b8=Q Ke4 77. Qh2 Kf3 78. Qxh3+ Kf4 79. b6 g4 80.
Qc3 f5 81. b7 g3 82. b8=Q+ Kg4 83. Qcxg3+ Kh5 84. Qh8# 1-0

[Event "*** Titled Tuesday Blitz"]
[Site "Chess.com"]
[Date "2021.03.30"]
[Round "3"]
[White "ural58"]
[Black "MikeSailer"]
[Result "1-0"]
[WhiteElo "2494"]
[BlackElo "2126"]
[TimeControl "180+1"]
[EndTime "10:30:11 PDT"]
[Termination "ural58 won on time"]

1. e4 d5 2. exd5 Qxd5 3. Nc3 Qd6 4. Nf3 Nf6 5. d4 c6 6. g3 Bf5 7. Bf4 Qd8 8. Bg2 e6 9. Nh4 Bg4 10. Qd3 Be7 11. h3 Bh5 12. g4 Bg6 13. Nxg6 hxg6 14. O-O-O Nbd7 15. Bg3 Qa5 16. Kb1 O-O-O 17. Rhe1 Bb4 18.
Re3 Nb6 19. a3 Bxc3 20. Qxc3 Qa4 21. Qb3 Qa5 22. Red3 g5 23. f4 gxf4 24. Bxf4 Nbd5 25. Bd2 Qc7 26. c4 Nf4 27. Bxf4 Qxf4 28. Ka2 Kb8 29. d5 exd5 30. cxd5 Nxd5 31. Bxd5 Rxd5 32. Rxd5 cxd5 33. Rxd5 Qc7 34. Rb5 a6 35. Rb4 Rc8 36. h4 Qc6 37. h5 Ka8 38. Rf4 f6 39. Rd4 Ka7 40. Qd3 Ka8 41.
Re4 Ka7 42. Re7 Rc7 43. Qd4+ b6 44. Re4 Qc5 45. Qd3 f5 46. gxf5 Qxf5 47. Qe2 Qd5+ 48.
Kb1 Qc5 49. Re5 Qc1+ 50. Ka2 Qc4+ 51. Qxc4 Rxc4 52. Re7+ Kb8 53. Rxg7 Rh4 54. Rh7 Kc8 55. Kb3 a5 56. Kc3 b5 57. Kd3 b4 58. a4 Rh2 59.
Kc4 Rxb2 60. h6 Rh2 61. Rh8+ Kd7 62. Kb5 b3 63. Kxa5 b2 64. Rb8 Rxh6 65. Rxb2 Kc7 66. Rb5 Rc6 67. Rb4 Rc1 68. Ka6 Kc8 69. a5 Kc7 70.
Ka7 Kc8 71. Rb7 Rc6 72. a6 Rc5 73. Kb6 1-0

[Event "*** Titled Tuesday Blitz"]
[Site "Chess.com"]
[Date "2021.03.30"]
[Round "3"]
[White "frenchpin"]
[Black "Evgeny81"]
[Result "1/2-1/2"]
[WhiteElo "2527"]
[BlackElo "2769"]
[TimeControl "180+1"]
[EndTime "10:30:13 PDT"]
[Termination "Game drawn - insufficient material"]

1. e4 c5 2. Nf3 e6 3. c3 Nf6 4. e5 Nd5 5. Bc4 d6 6. d4 Nc6 7. O-O Be7 8. Qe2 O-O 9. exd6 Bxd6 10. dxc5 Bxc5 11. Nbd2 Be7 12. Ne4 b6 13. Rd1 Bb7 14. Bd3 Qc7 15. Bg5 h6 16. Bxe7 Ncxe7 17. g3 Rad8 18.
Bc2 Rfe8 19. a4 Ng6 20. Nd4 Ne5 21. Nb5 Qb8 22. f4 Ng6 23. Nf2 f5 24. Nd3 Ba8 25. Bb3 Qb7 26. Qg2 Qe7 27. Qe2 Kh7 28. Nd4 Qf6 29.
Re1 Rd6 30. Ne5 Ngxf4 31. gxf4 Nxf4 32. Qe3 Qg5+ 33. Qg3 Qxg3+ 34. hxg3 Nh5 35. Kh2 Nf6 36. Re2 Be4 37. a5 bxa5 38. Rxa5 Rb8 39. Bxe6 Re8 40. Bxf5+ Bxf5 41. Nxf5 Rde6 42. Kg2 Ng4 43. Nxg4 Rxe2+ 44. Kf3 Rxb2 45. Rxa7 Rf8 46. Rxg7+ Kh8 47. Nxh6 Rb6 48. Kg4 Rxh6 49. Nxh6 Kxg7 50. Nf5+ Kf7 51. Nd6+ Ke6 52.
Ne4 Rg8+ 53. Ng5+ Ke5 54. Kh4 Kf5 55. Nf7 Rg7 56. Nd6+ Kg6 57. Kg4 Kf6+ 58. Kf4 Ke6 59. Ne4 Rf7+ 60. Ke3 Ra7 61. c4 Ke5 62. Nf2 Ra3+ 63. Nd3+ Ke6 64. Kd4 Ra4 65. Nf4+ Kd6 66. Nd3 Kc6 67. g4 Ra8 68. g5 Rd8+ 69. Ke4 Rg8 70. g6 Re8+ 71. Kd4 Rg8 72. Nf4 Kd6 73. Ke4 Ke7 74. Kf5 Rc8 75. Kg5 Rxc4 76. Kh6 Rc6 77. Nh5 Rxg6+ 78. Kxg6 1/2-1/2

[Event "*** Titled Tuesday Blitz"]
[Site "Chess.com"]
[Date "2021.03.30"]
[Round "3"]
[White "Bacyanide"]
[Black "Korchmar_Vasiliy"]
[Result "0-1"]
[WhiteElo "2414"]
[BlackElo "2640"]
[TimeControl "180+1"]
[EndTime "10:30:13 PDT"]
[Termination "Korchmar_Vasiliy won by resignation"]

1. d4 Nf6 2. Nf3 d5 3. Bf4 c5 4. e3 Nc6 5. Nbd2 cxd4 6. exd4 Qb6 7. Nb3 Bf5 8. Bd3 Bxd3 9. Qxd3 e6 10. O-O Be7 11.
Rfe1 O-O 12. Ne5 Rac8 13. c3 Nxe5 14. Bxe5 Nd7 15. Bf4 a5 16. Rab1 a4 17. Nd2 Qa5 18. a3 Nb6 19. Re3 Qa6 20. Qc2 Bf6 21. Rh3 g6 22. Qd1 Nc4 23. Nxc4 Qxc4 24. Qd2 Rfe8 25. Re1 Re7 26. Be5 Bxe5 27. dxe5 h5 28. Qg5 Kf8 29. Rf3 Ke8 30. Qf6 Qb3 31. g4 hxg4 32. Rf4 Rc4 33. Rxc4 Qxc4 34. Qh8+ Kd7 35. Qb8 Qc7 36. Qa7 Qc6 37. Rd1 Qa6 38. Qd4 b5 39. Qxg4 Qb6 40. Qd4 Qxd4 41. Rxd4 Kc6 42. Kg2 Re8 43.
Rh4 Kd7 44. Kf3 Rc8 45. Rh7 Ke7 46. Rh4 Rc5 47. Ke3 Kd7 48. Rb4 Kc6 49. Rf4 Kb6 50. Rxf7 Rc4 51. Rf6 Re4+ 52. Kd3 Rxe5 53. f4 Re4 54.
Rxg6 Kc5 55. Rf6 Re1 56. h4 Rh1 57. Rxe6 Rxh4 58. Re8 Rxf4 59. Rc8+ Kb6 60. Rb8+ Kc6 61. Re8 Rf2 62. Re2 Rf3+ 63. Kd2 Kc5 64. Re7 Kc4 65. Rd7 Rf5 66. Kc2 Rf2+ 67. Kc1 Rf1+ 68. Kc2 Rf2+ 69. Kc1 Kb3 70. Rxd5 Rc2+ 71. Kd1 Rxb2 72. Rxb5+ Kxa3 73. Rxb2 Kxb2 74. c4 a3 75. Kd2 a2 76. c5 a1=Q 77. c6 Qa6 78. c7 Qc6 79.
c8=Q Qxc8 0-1